 Dungeon Crawl Stone Soup version 0.29.1-15-g9cfb28693d (webtiles) character file.

Game seed: 10474947322882533218

18 croobank the Firebug (level 2, -3/19 HPs)
             Began as a Demonspawn Fire Elementalist on Apr 20, 2023.
             Was a Follower of Sif Muna.
             Slain by a hobgoblin (5 damage)
             ... on level 1 of the Dungeon.
             The game lasted 00:01:56 (792 turns).

croobank the Firebug (Demonspawn Fire Elementalist)  Turns: 792, Time: 00:01:56

Health: -3/19      AC:  2    Str:  8    XL:     2   Next: 51%
Magic:  0/5        EV: 12    Int: 16    God:    Sif Muna [*.....]
Gold:   16         SH:  0    Dex: 13    Spells: 2/5 levels left

rFire   . . .      SeeInvis .   e - +0 flail
rCold   . . .      Faith    .   (no shield)
rNeg    . . .      Spirit   .   a - +0 robe
rPois   .          Reflect  .   (no helmet)
rElec   .          Harm     .   (no cloak)
rCorr   .          Rampage  .   (no gloves)
Will    .....                   (no boots)
Stlth   ++........              (no amulet)
HPRegen 0.06/turn               (no ring)
MPRegen 0.09/turn               (no ring)

@: no status effects
A: powered by pain 1
a: Renounce Religion, Channel Magic


You were on level 1 of the Dungeon.
You worshipped Sif Muna.
Sif Muna was aware of your devotion.
You visited 1 branch of the dungeon, and saw 1 of its levels.

You collected 16 gold pieces.

Inventory:

Hand Weapons
 e - a +0 flail (weapon)
 h - a +0 dagger
 i - a +0 long sword
Armour
 a - a +0 robe (worn)
Scrolls
 d - a scroll of acquirement {unknown}
 g - a scroll of fear {unknown}
Potions
 b - a potion of magic
 f - a potion of haste {unknown}


   Skills:
 + Level 0.2 Fighting
 + Level 2.0 Dodging
 + Level 2.0 Stealth
 + Level 2.1 Spellcasting
 + Level 1.2 Conjurations
 + Level 2.8 Fire Magic
 * Level 1.1 Invocations


You had 2 spell levels left.
You knew the following spells:

 Your Spells              Type           Power      Damage    Failure   Level
a - Foxfire               Conj/Fire      32%        2x1d5     9%          1
b - Scorch                Fire           20%        2d6       10%         2

Your spell library contained the following spells:

 Spells                   Type           Power      Damage    Failure   Level
 Conjure Flame            Conj/Fire      8%         6-21      26%         3
 Inner Flame              Hex/Fire       6%         N/A       34%         3
 Flame Wave               Conj/Fire      8%         2d5       65%         4


Dungeon Overview and Level Annotations

Branches:
Dungeon (1/15)

Altars:
Sif Muna


Innate Abilities, Weirdness & Mutations

You sometimes gain a little power by taking damage.


Message History

You hit the hobgoblin.
You kill the hobgoblin!
Sif Muna accepts your kill.
A kobold comes into view. It is wielding a +0 dagger.
The hobgoblin hits you but does no damage.
Your Dodging skill increases to level 2!
Your Invocations skill increases to level 1!
You hit the hobgoblin.
The hobgoblin is heavily wounded.
The hobgoblin hits you.
You hit the hobgoblin but do no damage.
The hobgoblin is heavily wounded.
The hobgoblin barely misses you. The hobgoblin hits you.
You barely miss the hobgoblin.
The hobgoblin is heavily wounded.
The hobgoblin closely misses you.
You closely miss the hobgoblin.
The hobgoblin is heavily wounded.
The hobgoblin barely misses you. The kobold hits you with a +0 dagger.
The hobgoblin hits you.
* * * LOW HITPOINT WARNING * * *
The kobold closely misses you. The kobold attacks as you move away!
The kobold hits you with a +0 dagger.
* * * LOW HITPOINT WARNING * * *
Casting: Scorch (safe; 10% risk of failure)
Confirm with . or Enter, or press ? or * to list all spells.
Flames lash the kobold.
You kill the kobold!
Sif Muna accepts your kill. The hobgoblin hits you.
* * * LOW HITPOINT WARNING * * *
Okay, then.
The hobgoblin attacks as you move away! The hobgoblin closely misses you.
Casting: Scorch (safe; 10% risk of failure)
Confirm with . or Enter, or press ? or * to list all spells.
You don't have enough magic to cast this spell.
You closely miss the hobgoblin.
The hobgoblin is heavily wounded.
The hobgoblin hits you.
You die...

,,,,,,,..#,*,*,**#.# ##≈## #.#
******...,,,,,,,,..# #≈# #.#
*..***,*,,*#### ### #.# * *,,*
*,*,,,..# #.# * **,,* *,*,**#.#
#.# * *,,,* *,#,* #.# #.# * *,*,*
*,#.**#.#############.# * *,,,*
*,,#.##.........†....(# ******,**
*,**#.@.############### ,,,,,,,*
**,#.##g# ******,*****#.**#.#
********** * *,**,.......)#
*,,,,,,,,* * *,**,.....)†##
*,,,,***,* * *,**..##.##.*
*,,*,,,,,## * *,**.,*#,*#.*
*,,*****,#. ******,,,,,,,,,..*
*,,* *,##
,,,,,,,,,,,**,*..******,,*****,#.


You could see a hobgoblin.

Vanquished Creatures
  4 ball pythons (D:1)
  3 endoplasms (D:1)
  A goblin (D:1)
  2 hobgoblins (D:1)
  A quokka (D:1)
  2 kobolds (D:1)
  3 rats (D:1)
16 creatures vanquished.

Vanquished Creatures (others)
  31 foxfires (D:1)
31 creatures vanquished.

Grand Total: 47 creatures vanquished

Notes
Turn   | Place    | Note
-------+----------+-------------------------------------------
     0 | D:1      | croobank the Demonspawn Fire Elementalist began the quest
                  | for the Orb.
     0 | D:1      | Reached XP level 1. HP: 13/13 MP: 3/3
   116 | D:1      | Found a faded altar of an unknown god.
   352 | D:1      | Prayed at the altar of an unknown god.
   352 | D:1      | Became a worshipper of Sif Muna the Loreminder
   352 | D:1      | Reached * piety under Sif Muna
   483 | D:1      | Gained mutation: You sometimes gain a little power by
                  | taking damage. [demonic ancestry]
   483 | D:1      | Reached XP level 2. HP: 19/19 MP: 3/5
   669 | D:1      | Learned a level 2 spell: Scorch
   785 | D:1      | Reached skill level 1 in Invocations
   792 | D:1      | Slain by a hobgoblin

Illustrated notes

Levels and vault maps discovered:
D:1:      scummos_arrival_checkerplants, layout_loops_ring,
          shapermc_ecumenical_altar_mp_highgroup,
          hangedman_decor_clover_reticule, chequers_serial_rivers_large_a

Skill      XL: |  1  2 |
---------------+-------+-----
Stealth        | 2 |  2.0
Dodging        | 2 |  2.0
Invocations    | 1 |  1.1
Fighting       | |  0.2
Spellcasting   | |  2.1
Conjurations   | |  1.2
Fire Magic     | |  2.8

Action                   || total
-------------------------++-------
Melee: Flail             ||    14
 Cast: Foxfire           ||    20
       Scorch            ||     4
  Use: Scroll            ||     1
Armor: Robe              ||     1
Dodge: Dodged            ||     9
